 Dungeon Crawl Stone Soup version 0.29.0-13-gc9e81de378 (webtiles) character file.

Game seed: 1879022328330949702

238 Anothat the Slasher (level 6, -2/48 HPs)
             Began as a Merfolk Gladiator on Sept 9, 2022.
             Slain by an orc
             ... wielding a +0 hand axe
              (5 damage)
             ... on level 3 of the Dungeon.
             The game lasted 00:02:37 (2713 turns).

Anothat the Slasher (Merfolk Gladiator)             Turns: 2713, Time: 00:02:37

Health: -2/48      AC:  4    Str: 14    XL:     6   Next: 7%
Magic:  6/6        EV: 14    Int:  8    God:
Gold:   98         SH:  0    Dex: 23    Spells: 5/5 levels left

rFire   + . .      SeeInvis .   a - +0 long sword
rCold   . . .      Faith    .   (no shield)
rNeg    . . .      Spirit   .   b - +0 leather armour
rPois   .          Reflect  .   c - +0 helmet
rElec   .          Harm     .   (no cloak)
rCorr   .          Rampage  .   (no gloves)
Will    +....                   (no boots)
Stlth   ++........              (no amulet)
HPRegen 0.16/turn               h - +6 ring of dexterity
MPRegen 0.10/turn               f - ring of willpower

@: no status effects
A: (nimble swimmer 2), mertail, fire resistance 1
a: no special abilities


You were on level 3 of the Dungeon.
You visited 1 branch of the dungeon, and saw 3 of its levels.

You collected 98 gold pieces.

Inventory:

Hand Weapons
 a - a +0 long sword (weapon)
Missiles
 d - 2 throwing nets (quivered)
 e - a javelin
Armour
 b - a +0 leather armour (worn)
 c - a +0 helmet (worn)
Jewellery
 f - a ring of willpower (right hand)
 h - a +6 ring of dexterity (left hand)
Scrolls
 g - 2 scrolls of identify
 k - a scroll of blinking
Potions
 j - a potion of curing
 l - a potion of haste {unknown}
 m - a potion of mutation
 n - 2 potions of might {unknown}
 o - a potion of ambrosia {unknown}


   Skills:
 + Level 4.1 Fighting
 * Level 6.8 Long Blades
 - Level 2.0 Throwing
 - Level 4.0 Dodging


You had 5 spell levels left.
You didn't know any spells.
Your spell library contained the following spells:

 Spells                   Type           Power      Damage    Failure   Level
 Magic Dart               Conj           0%         1d3       50%         1
 Blink                    Tloc           0%         N/A       63%         2
 Searing Ray              Conj           0%         2d4       63%         2
 Lesser Beckoning         Tloc           0%         N/A       86%         3
 Portal Projectile        Hex/Tloc       0%         N/A       86%         3
 Tukima's Dance           Hex            0%         N/A       86%         3
 Fulminant Prism          Conj/Hex       0%         3d6       99%         4
 Blade Hands              Tmut           0%         N/A       100%        5
 Manifold Assault         Tloc           0%         N/A       100%        5


Dungeon Overview and Level Annotations

Branches:
Dungeon (3/15)

Altars:

Shops:
D:1 (

Annotations:
D:3 Grinder


Innate Abilities, Weirdness & Mutations

((You are very nimble when in or above water. (Stealth+, EV+, Speed+++)))
Your lower body shifts to a powerful aquatic tail in water.
Your flesh is heat resistant. (rF+)


Message History

You kill the goblin!
You start waiting.
An orc is nearby!
The orc barely misses you.
You hit the orc.
The orc is lightly wounded.
The orc closely misses you.
You barely miss the orc. You punch the orc, but do no damage.
The orc is lightly wounded.
Grinder gestures at you. You resist with almost no effort.
The orc hits you with a +0 hand axe.
You hit the orc.
The orc is moderately wounded.
The orc misses you. The orc hits you but does no damage.
Grinder gestures at you. You resist with some effort.
You hit the orc.
The orc is almost dead.
The orc barely misses you. Grinder gestures at you.
You suddenly lose the ability to move!
The orc hits you with a +0 hand axe. The orc hits you but does no damage.
Grinder hits you!
You writhe in agony.
The orc completely misses you.
The orc hits you from afar with a +0 trident.
Grinder rolls her eyes.
Grinder hits you.
You writhe in agony.
The orc barely misses you.
The orc hits you from afar with a +0 trident.
* * * LOW HITPOINT WARNING * * *
Grinder hits you but does no damage. The orc hits you with a +0 hand axe.
* * * LOW HITPOINT WARNING * * *
The orc hits you from afar with a +0 trident.
* * * LOW HITPOINT WARNING * * *
Grinder hits you but does no damage. The orc hits you with a +0 hand axe.
* * * LOW HITPOINT WARNING * * *
You can move again.
Okay, then.
It was a potion of mutation.
You feel extremely strange.
You feel resistant to heat. The orc hits you but does no damage.
The orc hits you with a +0 hand axe.
You die...

...........o5o.
...............
..........o.^
.......)..#####
...............
...##.#.###....
#.#o# ...
#.o5###.....
#####o@.#.....
#..............
#..............
#..............
#####.#......###.
....#.#.........
.............##.
###.....#+##.#
#...)†.....#


You could see Grinder and 3 orcs.

Vanquished Creatures
  Sigmund (D:2)
  An adder (D:2)
  2 worms (D:2)
  5 orcs (D:2)
  3 ball pythons
  4 bats
  4 endoplasms
  4 giant cockroaches
  4 goblins
  3 hobgoblins (D:1)
  4 jackals (D:2)
  3 quokkas
  4 frilled lizards
  3 kobolds
  A rat (D:1)
46 creatures vanquished.

Notes
Turn   | Place    | Note
-------+----------+-------------------------------------------
     0 | D:1      | Anothat the Merfolk Gladiator began the quest for the Orb.
     0 | D:1      | Reached XP level 1. HP: 16/16 MP: 1/1
   110 | D:1      | Found Kusooh's Antique Weapon Shoppe.
   269 | D:1      | Reached skill level 4 in Long Blades
   309 | D:1      | Reached XP level 2. HP: 23/23 MP: 2/2
  1375 | D:2      | Reached XP level 3. HP: 28/28 MP: 3/3
  1724 | D:2      | Reached skill level 5 in Long Blades
  1906 | D:2      | Reached XP level 4. HP: 28/35 MP: 4/4
  2144 | D:2      | Noticed Sigmund
  2162 | D:2      | Killed Sigmund
  2163 | D:2      | Reached skill level 6 in Long Blades
  2163 | D:2      | Reached XP level 5. HP: 4/42 MP: 5/5
  2163 | D:2      | Reached XP level 6. HP: 4/48 MP: 6/6
  2694 | D:3      | Noticed Grinder
  2708 | D:3      | Paralysed by Grinder for 5 turns
  2713 | D:3      | Gained mutation: Your flesh is heat resistant. (rF+)
                  | [potion of mutation]
  2713 | D:3      | Slain by an orc

Illustrated notes

Levels and vault maps discovered:
D:1:      eino_arrival_water_star, layout_loops_corners, serial_shops, shop
D:2:      layout_basic, uniq_sigmund
D:3:      layout_basic, nicolae_ashenzari_skybound, dk_yredelemnul_ordeal,
          zin_statuary, chequers_serial_rivers_small_a, minmay_misc_feat_tiny,
          chequers_serial_rivers_small_a, uniq_grinder

Skill      XL: |  1  2  3  4 |
---------------+-------------+-----
Long Blades    | 4 5 6 |  6.8
Fighting       | 3 4 |  4.1
Throwing       | |  2.0
Dodging        | |  4.0

Action                   |  1- 3 |  4- 6 || total
-------------------------+-------+-------++-------
Melee: Long sword        |   111 |    38 ||   149
       Punch             |     2 |     1 ||     3
Throw: Throwing net      |       |     1 ||     1
  Use: Scroll            |     4 |     1 ||     5
       Potion            |       |     1 ||     1
 Stab: Sleeping          |     2 |       ||     2
       Held in net/web   |       |     1 ||     1
Armor: Leather armour    |    28 |    12 ||    40
Dodge: Dodged            |    84 |    23 ||   107
